 Dungeon Crawl Stone Soup version 0.31-a0-1611-g890cdf5628 (webtiles) character file.

Game seed: 16152664838546761392

124 Strat the Changeling (level 4, -7/35 HPs)
             Began as a Draconian Shapeshifter on Jan 8, 2024.
             Mangled by an iguana (11 damage)
             ... on level 5 of the Dungeon.
             The game lasted 00:05:13 (2641 turns).

Strat the Changeling (Draconian Shapeshifter)       Turns: 2641, Time: 00:05:14

Health: -7/35      AC:  5    Str: 19    XL:     4   Next: 81%
Magic:  4/4        EV: 12    Int: 10    God:
Gold:   221        SH:  0    Dex: 10    Spells: 3/3 levels left

rFire   . .          .
                       - Unarmed
rCold   . . .        (no shield)
rNeg    . . .        (body armour unavailable)
rPois   .            (helmet currently unavailable)
rElec   .            (cloak currently unavailable)
rCorr   .            (gloves currently unavailable)
SInv    .            (boots currently unavailable)
Will    .....        (no amulet)
Stlth   +            (no ring)
HPRegen 0.25/turn    (no ring)
MPRegen 0.09/turn

%: no passive effects
@: beast-form
A: beast (slay +2), AC +5, unfitting armour, cold-blooded
a: Begin Untransformation


You were on level 5 of the Dungeon.
You were a hulking beast.
You visited 1 branch of the dungeon, and saw 5 of its levels.

You collected 221 gold pieces.

Inventory:

Missiles
 f - 2 throwing nets (quivered)
 m - 4 poisoned darts
Talismans
 b - a beast talisman
 c - a flux talisman
Wands
 q - a wand of flame (18)
Scrolls
 d - a scroll of enchant weapon {unknown}
 g - 2 scrolls of torment {unknown}
 k - a scroll of poison {unknown}
 l - 3 scrolls of teleportation {unknown}
 n - 3 scrolls of immolation {unknown}
 o - 2 scrolls of vulnerability {unknown}
 p - 2 scrolls of identify {unknown}
Potions
 a - 2 potions of lignification
 e - a potion of mutation {unknown}
 h - a potion of degeneration {unknown}
 i - a potion of brilliance
 j - a potion of might
 r - a potion of heal wounds {unknown}
 s - a potion of curing {unknown}


   Skills:
 - Level 1.1 Fighting
 - Level 1.7 Dodging
 + Level 4.0 Unarmed Combat
 * Level 4.6 Shapeshifting


You had 3 spell levels left.
You didn't know any spells.
Your spell library contained the following spells:

 Spells                   Type           Power      Damage    Failure   Level
 Ensorcelled Hibernation  Hex/Ice        0%         N/A       50%         2
 Lesser Beckoning         Tloc           0%         N/A       50%         2
 Gell's Gravitas          Tloc           0%         N/A       75%         3
 Inner Flame              Hex/Fire       0%         N/A       75%         3
 Passwall                 Erth           0%         N/A       75%         3
 Summon Ice Beast         Ice/Summ       0%         N/A       75%         3
 Swiftness                Air            0%         N/A       75%         3
 Teleport Other           Tloc           0%         N/A       75%         3
 Irradiate                Conj/Alch      0%         3d11      100%        5
 Summon Mana Viper        Hex/Summ       0%         N/A       100%        5
 Monstrous Menagerie      Summ           0%         N/A       100%        7
 Ignition                 Fire           0%         3d3       100%        8


Dungeon Overview and Level Annotations

Branches:
Dungeon (5/15)
 Temple: D:4-7

Altars:
Dithmenos
Sif Muna

Annotations:
D:4 Grinder


Innate Abilities, Weirdness & Mutations

You are a hulking beast.
Your limbs bulge with bestial killing power. (Slay +2)
Your plain brown scales are hard. (AC +5)
You cannot fit into any form of body armour.
You are cold-blooded and may be slowed by cold attacks.


Message History

You punch the shadow imp!
You kill the shadow imp!
You now have 221 gold pieces (gained 11).
You start resting.
You hear the slow hiss of a very distant avalanche of sand.
You start resting.
You feel a little less clever now.
You start resting.
You feel a little less mighty now.
You start resting.
You hear the slow hiss of a very distant avalanche of sand.
HP restored.
You open the door.
There is an open door here.
An iguana comes into view.
The iguana hisses angrily.
The iguana bites you!
* * * LOW HITPOINT WARNING * * *
You are too injured to fight recklessly!
You are too injured to fight recklessly!
You are too injured to fight recklessly!
You hit the iguana but do no damage. The iguana bites you.
* * * LOW HITPOINT WARNING * * *
You hit the iguana but do no damage. You tail-slap the iguana.
The iguana is lightly wounded.
The iguana bites you!
* * * LOW HITPOINT WARNING * * *
You hit the iguana.
You tail-slap the iguana, but do no damage.
The iguana is moderately wounded.
The iguana misses you.
You barely miss the iguana.
The iguana is moderately wounded.
You hear the slow hiss of a very distant avalanche of sand.
The iguana bites you!
* * * LOW HITPOINT WARNING * * *
You barely miss the iguana.
The iguana is moderately wounded.
The iguana bites you!
You die...

#.# .... #^#
..l..$. #.#
#.......... #.#
#.......... #.#
#......#..
#.#####........
#.#..........##
#.hl..........#
###...........#
#...........#####
########....#....
#...#.......
#.##........
#.#..#......
#.##'#######
#.#≈.§≈≈≈≈≈§


You could see an iguana.

Vanquished Creatures
  An iguana (D:5)
  2 adders
  A shadow imp (D:5)
  3 dart slugs
  A ribbon worm (D:3)
  5 ball pythons
  2 endoplasms
  2 giant cockroaches (D:2)
  6 goblins
  9 hobgoblins
  6 jackals (D:2)
  5 quokkas
  3 bats
  2 frilled lizards (D:1)
  8 kobolds
  6 rats
62 creatures vanquished.

Notes
Turn   | Place    | Note
-------+----------+-------------------------------------------
     0 | D:1      | Strat the Draconian Shapeshifter began the quest for the
                  | Orb.
     0 | D:1      | Reached XP level 1. HP: 16/16 MP: 1/1
   117 | D:1      | Reached XP level 2. HP: 23/23 MP: 2/2
   808 | D:2      | Reached XP level 3. HP: 28/28 MP: 3/3
   897 | D:2      | Identified the +6 whip "Ijutrif" {venom, rPois rF+ Dex+2}
  1450 | D:3      | Found a shimmering blue altar of Sif Muna.
  1599 | D:3      | Reached XP level 4. HP: 35/35 MP: 4/4
  2017 | D:4      | Noticed a phantom
  2099 | D:4      | Noticed Grinder
  2318 | D:4      | Found a shadowy altar of Dithmenos.
  2488 | D:5      | Entered Level 5 of the Dungeon
  2641 | D:5      | Mangled by an iguana

Illustrated notes

Levels and vault maps discovered:
D:1:      giann_bridges, layout_loops_ring, serial_aquarium,
          aquarium_bridge_square [aquarium_subvault_wall,
          aquarium_subvault_bridge, aquarium_subvault_wall,
          aquarium_subvault_wall], aquarium_bridge_square
          [aquarium_subvault_bridge, aquarium_subvault_wall,
          aquarium_subvault_wall, aquarium_subvault_bridge], aquarium_window_1,
          aquarium_window_3, aquarium_view_2b, aquarium_view_2e,
          amcnicky_mini_corridor_feature
D:2:      layout_loops_ring, minmay_tetromino_t4
D:3:      layout_basic, mainiacjoe_overflow_tiny_flanked,
          minmay_misc_feat_encased
D:4:      layout_layer_cave, mainiacjoe_overflow_six_doors_small, uniq_ijyb,
          uniq_grinder
D:5:      minmay_goblin_kobold_castle, layout_rooms,
          mainiacjoe_overflow_alcove_2, temple_hall, nicolae_ossuary_entry_plus,
          kennysheep_small_spiral, dk_rats_in_the_wall

Skill      XL: |  1  2  3  4 |
---------------+-------------+-----
Shapeshifting  | 4 |  4.6
Unarmed Combat | 4 |  4.0
Fighting       | |  1.1
Dodging        | |  1.7

Action                     |  1- 3 |  4- 6 || total
---------------------------+-------+-------++-------
  Melee: Unarmed           |   123 |    44 ||   167
         Tailslap          |     9 |     6 ||    15
         Punch             |     2 |       ||     2
    Use: Potion            |       |     2 ||     2
   Stab: Sleeping          |       |     1 ||     1
 Armour: Skin              |    63 |    22 ||    85
  Dodge: Dodged            |    73 |    22 ||    95

Table legend: (Time is in decaauts)
 A = Elapsed time spent in this place.
 B = Non-inter-level travel time spent in this place.
 C = Inter-level travel time spent in this place.
 D = Time resting spent in this place.
 E = Time spent auto-exploring this place.
 F = Levels seen in this place.
 G = Mean time per level.
                   A        B        C        D        E       F      G
               +--------+--------+--------+--------+--------+-----+--------+
         Total |   2632 |   2483 |    149 |     76 |   1865 |   5 |  526.4 |
       Dungeon |   2632 |   2483 |    149 |     76 |   1865 |   5 |  526.4 |
               +--------+--------+--------+--------+--------+-----+--------+

Top non-repeatable levels by time:
     D:1: 774 daAuts
     D:3: 664 daAuts
     D:2: 630 daAuts
     D:4: 410 daAuts
     D:5: 151 daAuts
